 Dungeon Crawl Stone Soup version 0.31-a0-1620-gcbf77bbcfc (webtiles) character file.

Game seed: 3666826896895600570

379 Ivernyr the Shield-Bearer (level 7, -2/55 HPs)
             Began as a Formicid Fighter on Jan 11, 2024.
             Engulfed by a steam dragon's steam (8 damage)
             ... on level 6 of the Dungeon.
             The game lasted 00:04:36 (2629 turns).

Ivernyr the Shield-Bearer (Formicid Fighter)        Turns: 2629, Time: 00:04:37

Health: -2/55      AC:  8    Str: 29    XL:     7   Next: 4%
Magic:  0/7        EV: 10    Int:  7    God:
Gold:   206        SH:  5    Dex: 13    Spells: 6/6 levels left

rFire   . . .        a - +0 quarterstaff
rCold   . . .        c - +0 buckler
rNeg    . . .        b - +0 scale mail
rPois   .            (helmet unavailable)
rElec   .            e - +0 cloak
rCorr   .            (no gloves)
SInv    +            (no boots)
Will    .....        k - amulet of guardian spirit Stlth
                     l - +6 ring of strength
HPRegen 0.29/turn    (no ring)
MPRegen 0.10/turn

%: guardian spirit
@: no status effects
A: permanent stasis, dig shafts and tunnels, antennae 3, four strong arms
a: Dig, Shaft Self


You were on level 6 of the Dungeon.
You visited 1 branch of the dungeon, and saw 6 of its levels.

You collected 206 gold pieces.

Inventory:

Hand Weapons
 a - a +0 quarterstaff (weapon)
Armour
 b - a +0 scale mail (worn)
 c - a +0 buckler (worn)
 e - a +0 cloak (worn)
Jewellery
 k - an amulet of guardian spirit (around neck)
 l - a +6 ring of strength (left hand)
 n - a +6 ring of strength
 r - a +6 ring of dexterity
Scrolls
 h - 3 scrolls of identify {unknown}
 i - a scroll of enchant armour {unknown}
 q - a scroll of enchant weapon {unknown}
 t - a scroll of noise {unknown}
 u - a scroll of blinking {unknown}
Potions
 f - a potion of lignification {unknown}
 g - a potion of brilliance {unknown}
 j - a potion of ambrosia {unknown}
 m - a potion of magic {unknown}
 o - 2 potions of attraction {unknown}
 p - a potion of berserk rage {unknown}
 s - a potion of enlightenment {unknown}


   Skills:
 + Level 4.6 Fighting
 * Level 4.6 Staves
 + Level 4.6 Armour
 + Level 5.6 Shields


You had 6 spell levels left.
You didn't know any spells.
Your spell library contained the following spells:

 Spells                   Type           Power      Damage    Failure   Level
 Cigotuvi's Dreadful Rot  Necr/Alch/Air  0%         N/A       86%         2
 Tukima's Dance           Hex            0%         N/A       97%         3
 Dimensional Bullseye     Hex/Tloc       0%         N/A       100%        4
 Ignite Poison            Fire/Alch      0%         N/A       100%        4
 Iskenderun's Mystic Bla  Conj/Tloc      0%         2d3       100%        4
 Summon Blazeheart Golem  Fire/Summ      0%         N/A       100%        4
 Freezing Cloud           Conj/Ice/Air   0%         6-21      100%        5
 Orb of Destruction       Conj           0%         9d5       100%        7
 Spellforged Servitor     Conj/Summ      0%         N/A       100%        7


Dungeon Overview and Level Annotations

Branches:
Dungeon (7/15)
 Temple: D:4-7

Altars:
Elyvilon
Fedhas
Gozag
Vehumet
Wu Jian
Yredelemnul

Shops:
D:4 *


Innate Abilities, Weirdness & Mutations

You cannot be hasted, slowed, berserked, paralysed or teleported.
You can dig through walls and to a lower floor.
You have a pair of large antennae on your head. (SInv)
Your four strong arms can wield two-handed weapons with a shield.


Message History

You kill the sky beast!
You have reached level 7!
You feel a little less mighty now.
You see here a sky beast corpse.
You hear the slow rusting of a drain nearby.
You open the door.
There is an open door here.
A steam dragon comes into view.
A steam dragon is nearby!
The steam dragon breathes steam at you. The ball of steam hits you!!
You hear a loud squeak.
Found a stone staircase leading up.
You block the steam dragon's attack.
The steam dragon claws you but does no damage.
You hit the steam dragon but do no damage.
The steam dragon closely misses you. The steam dragon claws you.
You hit the steam dragon but do no damage.
The steam dragon bites you. The steam dragon misses you.
You completely miss the steam dragon. The steam dragon breathes steam at you.
The ball of steam hits you!!
You hear a loud squeak.
You hit the steam dragon.
The steam dragon is lightly wounded.
You are engulfed in a cloud of scalding steam.
The steam dragon barely misses you.
The steam dragon claws you but does no damage.
Found an escape hatch in the ceiling.
The steam dragon bites you.
The steam dragon claws you but does no damage.
You thump the steam dragon!
The steam dragon is moderately wounded.
The steam dragon breathes steam at you. The ball of steam hits you!
* * * LOW HITPOINT WARNING * * *
You hear an angry hiss.
You hit the steam dragon.
The steam dragon is heavily wounded.
You are engulfed in a cloud of scalding steam.
You die...

...<...........
................
................
................
...........<..
#............
+§...........
#.§§@D.......
#§$..........
#............
#............
#....§.......
#............
#............
#####............
##...#............


You could see a steam dragon (catching breath).

Vanquished Creatures
  A sky beast (D:6)
  An ogre (D:6)
  A wight (D:7)
  2 iguanas (D:7)
  A gnoll (D:7)
  4 adders
  A dart slug (D:2)
  2 orcs
  4 ball pythons
  4 bats (D:1)
  6 endoplasms
  2 giant cockroaches (D:1)
  10 goblins
  3 hobgoblins
  3 jackals (D:1)
  4 quokkas
  A frilled lizard (D:3)
  5 kobolds
  3 rats (D:1)
58 creatures vanquished.

Vanquished Creatures (others)
  2 orcs (D:4)
2 creatures vanquished.

Grand Total: 60 creatures vanquished

Notes
Turn   | Place    | Note
-------+----------+-------------------------------------------
     0 | D:1      | Ivernyr the Formicid Fighter began the quest for the Orb.
     0 | D:1      | Reached XP level 1. HP: 18/18 MP: 1/1
   160 | D:1      | Reached XP level 2. HP: 22/24 MP: 2/2
   498 | D:1      | Reached XP level 3. HP: 27/29 MP: 3/3
  1120 | D:2      | Reached XP level 4. HP: 23/37 MP: 4/4
  1208 | D:2      | Found a faded altar of an unknown god.
  1450 | D:3      | Found a basalt altar of Yredelemnul.
  1695 | D:3      | Found a blossoming altar of Fedhas.
  1987 | D:4      | Found a white marble altar of Elyvilon.
  2041 | D:4      | Found a radiant altar of Vehumet.
  2075 | D:4      | Found an opulent altar of Gozag.
  2094 | D:4      | Found Onnubuny's Assorted Antiques.
  2112 | D:4      | Noticed a steam dragon
  2130 | D:4      | You fall into a shaft and drop 3 floors!
  2289 | D:7      | Reached XP level 5. HP: 26/42 MP: 3/5
  2424 | D:7      | Found an ornate altar of the Wu Jian Council.
  2429 | D:7      | Reached skill level 5 in Shields
  2444 | D:7      | Reached XP level 6. HP: 20/48 MP: 2/6
  2554 | D:6      | Noticed an ogre
  2562 | D:6      | Killed an ogre
  2595 | D:6      | Noticed a sky beast
  2601 | D:6      | Killed a sky beast
  2602 | D:6      | Reached XP level 7. HP: 55/55 MP: 7/7
  2617 | D:6      | Noticed a steam dragon
  2629 | D:6      | Engulfed by a steam dragon's steam

Illustrated notes

Levels and vault maps discovered:
D:1:      dpeg_arrival_tiny_a, layout_basic, chequers_serial_rivers_room_b
D:2:      layout_rooms, basic_ecumenical_altar
D:3:      layout_rooms, mainiacjoe_overflow_small_starburst,
          yredelemnul_altar_generic, wad_floor_pattern_untrapped,
          hangedman_decor_push
D:4:      minmay_thinvault, layout_loops_ring,
          mainiacjoe_overflow_concentric_impassable,
          mainiacjoe_overflow_big_doors, nicolae_elyvilon_peaceful_grove,
          marbit_many_paths, grunt_gozag_statues, mainiacjoe_overflow_24_doors,
          serial_shops, shop
D:6:      cheibrodos_quashed, layout_gridville, mainiacjoe_overflow_paths,
          old_standard_altar, cheibrodos_sewer_entry_drain, kennysheep_diamond
D:7:      layout_basic, old_standard_altar, amcnicky_altar_gilded,
          trog_hazing_becter, enter_bailey_5

Skill      XL: |  1  2  3  4  5  6 |
---------------+-------------------+-----
Staves         | 3 4 |  4.6
Fighting       | 4 |  4.6
Armour         | 4 |  4.6
Shields        | 5 |  5.6

Action                     |  1- 3 |  4- 6 |  7- 9 || total
---------------------------+-------+-------+-------++-------
  Melee: Quarterstaff      |    93 |    76 |     6 ||   175
Ability: Shaft Self        |       |     1 |       ||     1
    Use: Potion            |       |     1 |       ||     1
 Armour: Scale mail        |    68 |    48 |    11 ||   127
  Dodge: Dodged            |    37 |    36 |     3 ||    76
  Block: Buckler           |    26 |    17 |     1 ||    44

Table legend: (Time is in decaauts)
 A = Elapsed time spent in this place.
 B = Non-inter-level travel time spent in this place.
 C = Inter-level travel time spent in this place.
 D = Time resting spent in this place.
 E = Time spent auto-exploring this place.
 F = Levels seen in this place.
 G = Mean time per level.
                   A        B        C        D        E       F      G
               +--------+--------+--------+--------+--------+-----+--------+
         Total |   2661 |   2564 |     97 |    121 |   1919 |   6 |  443.5 |
       Dungeon |   2661 |   2564 |     97 |    121 |   1919 |   6 |  443.5 |
               +--------+--------+--------+--------+--------+-----+--------+

Top non-repeatable levels by time:
     D:1: 917 daAuts
     D:3: 484 daAuts
     D:2: 483 daAuts
     D:7: 327 daAuts
     D:4: 271 daAuts
     D:6: 176 daAuts
